 Dungeon Crawl Stone Soup version 0.23.1 (webtiles) character file.

Game seed: 7033448345394453408

123 Acheron the Skirmisher (level 5, -4/34 HPs)
             Began as a Gargoyle Wanderer on Mar 14, 2019.
             Killed from afar by an orc wizard (10 damage)
             ... with a puff of flame
             ... on level 3 of the Dungeon.
             The game lasted 00:08:39 (1321 turns).

Acheron the Skirmisher (Gargoyle Wanderer)          Turns: 1321, Time: 00:08:39

Health: -4/34      AC:  9    Str: 16    XL:     5   Next: 7%
Magic:  6/6        EV: 10    Int: 13    God:
Gold:   130        SH:  0    Dex:  9    Spells: 6/6 levels left

rFire    . . .     SeeInvis .   n - +0 dagger
rCold    . . .     Gourm    .   (no shield)
rNeg     + . .     Faith    .   c - +0 ring mail
rPois    ∞         Spirit   .   (no helmet)
rElec    +         Reflect  .   (no cloak)
rCorr    .         Harm     .   (no gloves)
MR       .....                  (no boots)
Stlth    +.........             (no amulet)
HPRegen  0.11/turn              (no ring)
MPRegen  0.10/turn              (no ring)

@: very slightly contaminated
A: negative energy resistance 1, electricity resistance, unbreathing,
petrification resistance, rot immunity, AC +4
a: no special abilities


You were on level 3 of the Dungeon.
You were not hungry.

You visited 1 branch of the dungeon, and saw 3 of its levels.

You collected 130 gold pieces.

Inventory:

Hand Weapons
 a - a +2 hand crossbow
 h - a +0 dagger
 n - a +0 dagger (weapon)
Missiles
 b - 11 bolts
 g - 19 stones (quivered)
 j - 34 sling bullets
Armour
 c - a +0 ring mail (worn)
 m - a +0 shield
Jewellery
 o - an uncursed ring of ice
Scrolls
 e - a scroll of noise {unknown}
 i - 2 scrolls of identify
 p - a scroll of enchant weapon {unknown}
 q - a scroll of blinking
Potions
 d - a potion of curing
 l - a potion of ambrosia {unknown}
Comestibles
 f - 4 rations
 k - 4 chunks of flesh


   Skills:
 + Level 4.9 Fighting
 * Level 1.1 Short Blades
 * Level 2.8 Crossbows
 + Level 1.0 Throwing
 * Level 1.3 Armour
 * Level 1.2 Dodging
 * Level 1.4 Stealth
 + Level 1.1 Spellcasting
   Level 1.7 Translocations


You had 6 spell levels left.
You didn't know any spells.
Your spell library was empty.

Dungeon Overview and Level Annotations

Branches:
Dungeon (3/15)

Altars:


Innate Abilities, Weirdness & Mutations

You are resistant to torment.
Your stone body is resilient. (AC +4)
You are immune to poison.
You resist negative energy. (rN+)
You are resistant to electric shocks. (rElec)
You can survive without breathing.
You are immune to petrification.
You are immune to rotting.


Message History

The orc wizard gestures at you while chanting.
The puff of frost hits you!
* * * LOW HITPOINT WARNING * * *
The orc wizard gestures wildly while chanting.
The orc wizard blinks!
The orc wizard hits you but does no damage.
As you read the scroll labeled PIYJYM ZOIDITA, it crumbles to dust.
It is a scroll of identify.
q - 2 scrolls of blinking The orc wizard hits you with a +0 dagger.
* * * LOW HITPOINT WARNING * * *
Blink to where?
Press: ? - help, Dir - move target cursor You are very lightly contaminated with residual magic.
As you read the scroll of blinking, it crumbles to dust.
Found a club.
The orc wizard looks satisfied for a moment.
The orc wizard gestures at you while chanting.
The puff of flame hits you!
You die...

.. ### ... #.. #....
##.####...... ###.)#.@....#
...>. #.......###.# ....
....#...## #.# ... ..###.###
..#.. #...# ... #.### #.# #o#
####o########..
#.#######.ooo..)......#
............o§.§##...########


You could see an orc wizard.

Vanquished Creatures
  6 adders
  2 worms (D:2)
  4 dart slugs
  3 leopard geckos
  4 giant cockroaches
  6 goblins
  8 hobgoblins
  4 jackals (D:2)
  3 bats
  2 frilled lizards
  6 kobolds
  A rat (D:1)
49 creatures vanquished.

Notes
Turn   | Place    | Note
-------+----------+-------------------------------------------
     0 | D:1      | Acheron the Gargoyle Wanderer began the quest for the Orb.
     0 | D:1      | Acheron set off with the following items: a +2 hand
                  | crossbow, 25 bolts, a +0 ring mail, a potion of curing, a
                  | ration
     0 | D:1      | Reached XP level 1. HP: 16/16 MP: 2/2
   163 | D:1      | Reached XP level 2. HP: 20/20 MP: 3/3
   431 | D:1      | Reached skill level 1 in Armour
   680 | D:1      | Reached XP level 3. HP: 21/24 MP: 4/4
   866 | D:2      | Reached XP level 4. HP: 30/30 MP: 5/5
  1039 | D:2      | Reached skill level 1 in Short Blades
  1178 | D:3      | Reached skill level 1 in Dodging
  1178 | D:3      | Reached XP level 5. HP: 26/34 MP: 6/6
  1321 | D:3      | Killed from afar by an orc wizard

Skill      XL: |  1  2  3  4 |
---------------+-------------+-----
Armour         | 1 |  1.3
Crossbows      | 2 |  2.8
Short Blades   | 1 |  1.1
Dodging        | 1 |  1.2
Fighting       | |  4.9
Throwing       | |  1.0
Stealth        | |  1.4
Spellcasting   | |  1.1
Translocations | |  1.7

Action                   |  1- 3 |  4- 6 || total
-------------------------+-------+-------++-------
Melee: Dagger            |     3 |    79 ||    82
 Fire: Hand crossbow     |    74 |    18 ||    92
Throw: Stone             |       |     3 ||     3
  Use: Scroll            |       |     2 ||     2
  Eat: Chunk             |       |     1 ||     1
Armor: Ring mail         |    22 |    54 ||    76
Dodge: Dodged            |    25 |    65 ||    90
